 Dungeon Crawl Stone Soup version 0.21-a0-71-g5e5ddd2 (webtiles) character file.

1843 grindst0ne the Skirmisher (level 9, -18/72 HPs)
             Began as a Formicid Fighter on June 19, 2017.
             Was a Believer of Okawaru.
             Demolished by an ogre
             ... wielding a +0 giant spiked club
              (22 damage)
             ... on level 6 of the Dungeon.
             The game lasted 00:09:16 (5352 turns).

grindst0ne the Skirmisher (Formicid Fighter)        Turns: 5352, Time: 00:09:17

Health: -18/72     AC: 10    Str: 21    XL:     9   Next: 33%
Magic:  9/9        EV:  9    Int: 13    God:    Okawaru [**....]
Gold:   209        SH: 11    Dex: 13    Spells: 8/8 levels left

rFire    . . .     SeeInvis +   a - +0 war axe
rCold    . . .     Gourm    .   c - +0 shield
rNeg     . . .     Faith    .   b - +0 scale mail
rPois    .         Spirit   .   (helmet unavailable)
rElec    .         Reflect  .   o - +0 cloak
rCorr    .         Harm     .   (no gloves)
MR       .....                  v - +0 pair of boots
Stlth    ..........             u - amulet of regeneration
HPRegen  0.62/turn              (no ring)
MPRegen  0.11/turn              (no ring)

@: brilliant
A: permanent stasis, dig shafts and tunnels, four strong arms, antennae 3
a: Dig, Shaft Self, Heroism, Renounce Religion


You were on level 6 of the Dungeon.
You worshipped Okawaru.
Okawaru was pleased with you.
You were not hungry.

You visited 2 branches of the dungeon, and saw 7 of its levels.

You collected 209 gold pieces.

Inventory:

Hand Weapons
 a - a +0 war axe (weapon)
Armour
 b - a +0 scale mail (worn)
 c - a +0 shield (worn)
 o - a +0 cloak (worn)
 v - a +0 pair of boots (worn)
Jewellery
 u - an amulet of regeneration (around neck)
Wands
 x - a wand of confusion (16/48)
Scrolls
 g - 3 scrolls of remove curse {unknown}
 i - 3 scrolls of teleportation {unknown}
 j - a scroll of amnesia {unknown}
 k - 4 scrolls of identify {unknown}
 l - a scroll of immolation {unknown}
 n - a scroll of enchant weapon {unknown}
 s - a scroll of noise {unknown}
 y - a scroll of enchant armour {unknown}
Potions
 e - 2 potions of mutation {unknown}
 h - a potion of haste
 q - a potion of brilliance
 t - a potion of invisibility {unknown}
 w - a potion of magic {unknown}
 z - a potion of berserk rage {unknown}
Comestibles
 d - 11 chunks of flesh
 f - 2 bread rations
 p - 2 meat rations
 r - 2 royal jellies


   Skills:
 + Level 7.4 Fighting
 + Level 6.2 Axes
 + Level 7.3 Armour
 - Level 7.0 Shields


You had 8 spell levels left.
You didn't know any spells.

Dungeon Overview and Level Annotations

Branches:
Dungeon (6/15)             Temple (1/1) D:4

Altars:
Ashenzari
Cheibriados
Dithmenos
Elyvilon
Fedhas
Gozag
Kikubaaqudgha
Makhleb
Okawaru
Qazlal
Ru
Trog
Uskayaw
Vehumet
Wu Jian
Xom
Yredelemnul
Zin
The Shining One


Innate Abilities, Weirdness & Mutations

You cannot be hasted, slowed, berserked, paralysed or teleported.
You can dig through walls and to a lower floor.
Your four strong arms can wield two-handed weapons with a shield.
You have a pair of large antennae on your head. (SInv)


Message History

Your stasis prevents you from being hasted.
The orc hits you with a mace.
* * * LOW HITPOINT WARNING * * *
You see here a mace.
You block the ogre's attack.
You see here 10 arrows.
The orc priest miscasts a cantrip.
The orc priest invokes the aid of Beogh against you.
Beogh smites you!
* * * LOW HITPOINT WARNING * * *
A crimson imp comes into view.
The crimson imp shouts!
It was a potion of brilliance.
You feel clever all of a sudden.
It was a potion of curing.
You feel better.
The orc priest mumbles some strange prayers to Beogh against you.
Beogh smites you!
* * * LOW HITPOINT WARNING * * *
The ogre hits you with a giant spiked club!!
You die...

##...####
#.......###
#o#..o....##
#o###..(o..# #.#
####...## ### #.#
##...# ....# ##o#
#...## ......#
#O.# ##...####
.......# #@.#
#...)..#
.)...#.#####5.#
##...... .
.........##..#
###....
..##.......##..#
#####
........<.....###
# #....)..##....#
#.......##....#
#.......##....#
###.....#######


You could see an ogre, an orc priest, a crimson imp and 2 orcs.

Vanquished Creatures
  Edmund (D:5)
  Duvessa (D:6)
  3 ice beasts
  A phantom (D:6)
  2 ogres
  2 centaurs
  Blork the orc (D:6)
  2 bullfrogs
  Dowan (D:6)
  A scorpion (D:4)
  2 howler monkeys (D:4)
  A crimson imp (D:2)
  2 centaur skeletons
  3 orc priests
  A gnoll shaman (D:4)
  Crazy Yiuf (D:2)
  2 orc wizards
  2 worker ants
  A hound zombie (D:6)
  A hound skeleton (D:4)
  5 gnolls
  6 adders
  2 worms (D:3)
  3 leopard geckos
  9 orcs
  A ball python (D:2)
  6 giant cockroaches
  8 goblins
  7 hobgoblins
  11 jackals
  5 kobolds
  2 quokkas
  8 bats
  7 frilled lizards
  A giant cockroach zombie (D:5)
  A quokka skeleton (D:5)
  A quokka zombie (D:6)
  11 rats
  A spectral orc (D:2)
126 creatures vanquished.

Notes
Turn   | Place    | Note
-------+----------+-------------------------------------------
     0 | D:1      | grindst0ne the Formicid Fighter began the quest for the Orb.
     0 | D:1      | Reached XP level 1. HP: 18/18 MP: 1/1
   165 | D:1      | Reached XP level 2. HP: 24/24 MP: 2/2
   906 | D:2      | Reached XP level 3. HP: 29/29 MP: 3/3
  1433 | D:2      | Reached XP level 4. HP: 37/37 MP: 4/4
  1545 | D:2      | Found a runed door.
  1794 | D:2      | Found a burning altar of Makhleb.
  1809 | D:2      | Reached XP level 5. HP: 41/42 MP: 5/5
  1932 | D:2      | Found a basalt altar of Yredelemnul.
  2191 | D:2      | Noticed Crazy Yiuf
  2197 | D:2      | Killed Crazy Yiuf
  2352 | D:3      | Found an opulent altar of Gozag.
  2354 | D:3      | Noticed an ice beast
  2372 | D:3      | Killed an ice beast
  2372 | D:3      | Reached skill level 5 in Shields
  2372 | D:3      | Reached XP level 6. HP: 33/49 MP: 6/6
  3241 | D:4      | Found a staircase to the Ecumenical Temple.
  3248 | Temple   | Entered the Ecumenical Temple
  3311 | Temple   | Became a worshipper of Warmaster Okawaru
  3380 | D:4      | Noticed an angel
  3382 | D:4      | Found a glowing silver altar of Zin.
  3383 | D:4      | Found a shimmering altar of Xom.
  3515 | D:4      | Found a shattered altar of Ashenzari.
  3560 | D:4      | Reached XP level 7. HP: 50/55 MP: 7/7
  3716 | D:4      | Reached skill level 5 in Fighting
  4264 | D:4      | Reached skill level 5 in Armour
  4312 | D:5      | Entered Level 5 of the Dungeon
  4378 | D:4      | Reached * piety under Okawaru
  4378 | D:4      | Reached XP level 8. HP: 18/62 MP: 8/8
  4709 | D:5      | Noticed Edmund
  4724 | D:5      | Killed Edmund
  4783 | D:5      | Reached ** piety under Okawaru
  4783 | D:5      | Reached skill level 5 in Axes
  4878 | D:5      | Found a shadowy altar of Dithmenos.
  5016 | D:6      | Noticed Blork the orc
  5027 | D:6      | Killed Blork the orc
  5045 | D:6      | Reached XP level 9. HP: 44/71 MP: 9/9
  5091 | D:6      | Noticed Dowan
  5092 | D:6      | Noticed Duvessa
  5108 | D:6      | Killed Dowan
  5219 | D:6      | Killed Duvessa
  5352 | D:6      | Demolished by an ogre

Vault maps used:
D:1:      dpeg_arrival_stone_temple_mockup
D:2:      makhleb_grotto_becter, yredelemnul_forgotten_temple_becter,
          first_bread, st_stairs_13, uniq_crazy_yiuf_cottage
D:3:      nicolae_gozag_seed_capital
D:4:      grunt_temple_overflow_order_and_chaos_1, temple_statues, serial_bayou,
          serial_bayou_lagoon_a, serial_bayou_pond_e, serial_bayou_shore_a,
          serial_bayou_ford_a, evilmike_ruin_ashenzari
D:5:      lemuel_round_altar, uniq_edmund
D:6:      serial_curves, eino_curves_01, eino_curves_04, okawaru_trees_2,
          uniq_blork_the_orc, uniq_duvessa
Temple:   nicolae_temple_god_jail

Skill      XL: |  1  2  3  4  5  6  7  8  9 |
---------------+----------------------------+-----
Shields        | 4 5 6 7 |  7.0
Fighting       | 4 5 6 7 |  7.4
Armour         | 4 5 6 7 |  7.3
Axes           | 3 4 5 6 |  6.2

Action                   |  1- 3 |  4- 6 |  7- 9 || total
-------------------------+-------+-------+-------++-------
Melee: War axe           |    95 |   166 |   208 ||   469
Invok: Heroism           |       |       |     1 ||     1
 Abil: Dig               |       |     2 |       ||     2
  Use: Potion            |       |       |     4 ||     4
  Eat: Chunk             |     2 |     7 |     6 ||    15
Armor: Scale mail        |    33 |    63 |    84 ||   180
Dodge: Dodged            |    27 |    48 |    82 ||   157
Block: Shield            |    54 |    88 |   119 ||   261
